 Dungeon Crawl Stone Soup version 0.19-a0-713-g934ebc7 (webtiles) character file.

184 shmeve the Chopper (level 5, -3/72 HPs)
             Began as a Minotaur Berserker on June 21, 2016.
             Was a Believer of Trog.
             Slain by a killer bee (4 damage)
             ... on level 4 of the Dungeon.
             The game lasted 00:04:19 (2368 turns).

shmeve the Chopper (Minotaur Berserker)             Turns: 2368, Time: 00:04:19

Health: -3/72      AC:  3    Str: 27    XL:     5   Next: 36%
Magic:  4/4        EV: 12    Int:  4    God:    Trog [**....]
Gold:   135        SH:  0    Dex: 10    Spells: 0 memorised, 4 levels left

rFire  . . .     SeeInvis .     a - +0 hand axe
rCold  . . .     Gourm    .     b - +0 animal skin
rNeg   . . .     Faith    .     (no shield)
rPois  +         Spirit   .     (helmet restricted)
rElec  .         Dismiss  .     (no cloak)
rCorr  .         Reflect  .     h - +0 pair of gloves
SustAt .         Harm     .     (no boots)
MR     +++..                    (no amulet)
Stlth  ..........               i - ring of protection from magic
                                g - ring of poison resistance

@: berserking, lethally poisoned (-3 -> -3), regenerating, very quick, extremely
resistant to hostile enchantments, extremely unstealthy
A: retaliatory headbutt, horns 2
a: Berserk, Trog's Hand, Burn Spellbooks, Renounce Religion


You were on level 4 of the Dungeon.
You worshipped Trog.
Trog was pleased with you.
You were very hungry.

You visited 1 branch of the dungeon, and saw 4 of its levels.

You collected 135 gold pieces.

Inventory:

Hand Weapons
 a - a +0 hand axe (weapon)
Armour
 b - a +0 animal skin (worn)
 h - a +0 pair of gloves (worn)
Jewellery
 e - an uncursed ring of protection from cold {unknown}
 g - a ring of poison resistance (left hand)
 i - a ring of protection from magic (right hand)
Scrolls
 d - 4 scrolls of remove curse {unknown}
 k - a scroll of fog {unknown}
 m - 4 scrolls of identify {unknown}
 p - a scroll of immolation {unknown}
 s - a scroll of noise {unknown}
Potions
 f - a potion of agility {unknown}
 n - 2 potions of lignification {unknown}
 o - a potion of curing {unknown}
 q - a potion of brilliance {unknown}
 r - a potion of might {unknown}
Comestibles
 c - 5 bread rations
 j - 2 beef jerkies
 l - 2 royal jellies
 t - 8 chunks of flesh


   Skills:
 * Level 5.1 Fighting
 * Level 5.3 Axes
 + Level 3.7 Armour
 + Level 2.9 Dodging


You had 4 spell levels left.
You didn't know any spells.

Dungeon Overview and Level Annotations

Branches:
Dungeon (4/15)
 Temple: D:4-7

Altars:
Ashenzari
Gozag
Nemelex Xobeh
Qazlal


Innate Abilities, Weirdness & Mutations

You reflexively headbutt those who attack you in melee.
You have a pair of horns on your head.


Message History

You are lethally poisoned!
The killer bee poisons you! The killer bee barely misses you.
The killer bee closely misses you. You furiously retaliate!
You headbutt the killer bee, but do no damage.
Your skin crawls.
You feel resistant to hostile enchantments.
You feel somewhat more hungry.
You feel sick. The killer bee stings you.
* * * LOW HITPOINT WARNING * * *
The killer bee misses you. The killer bee barely misses you.
The killer bee misses you. You furiously retaliate!
You headbutt the killer bee! The killer bee closely misses you.
You furiously retaliate!
You headbutt the killer bee! The killer bee stings you.
* * * LOW HITPOINT WARNING * * *
The phantom blinks!
A red film seems to cover your vision as you go berserk!
You feel yourself moving faster!
You feel mighty!
You are feeling very hungry.
You feel sick. The killer bee barely misses you. The killer bee stings you.
You die...

..........+
..........#
...........#
#............#
#............#####
#............W....
#........yyy......
#........y@.......
#.................
#.................
#............#####
#.......######
#.......#
#.......#
#.......#
#######.....
#.....<.#
#...........


You could see a phantom and 4 killer bees.

Vanquished Creatures
  An ogre (D:3)
  2 adders (D:3)
  3 gnolls (D:4)
  2 oozes (D:2)
  3 dart slugs
  2 giant geckos (D:1)
  6 bats
  2 giant cockroaches
  6 goblins
  4 hobgoblins
  5 kobolds
  A quokka (D:3)
  3 giant newts
  2 rats
42 creatures vanquished.

Notes
Turn   | Place    | Note
--------------------------------------------------------------
     0 | D:1      | shmeve the Minotaur Berserker began the quest for the Orb.
     0 | D:1      | Reached XP level 1. HP: 19/19 MP: 0/0
    98 | D:1      | Found a sparkling altar of Nemelex Xobeh.
   168 | D:1      | Reached XP level 2. HP: 25/27 MP: 1/1
   812 | D:2      | Reached XP level 3. HP: 18/33 MP: 2/2
  1284 | D:2      | Found an opulent altar of Gozag.
  1299 | D:2      | Found a shattered altar of Ashenzari.
  1680 | D:3      | Reached ** piety under Trog
  1700 | D:3      | Reached XP level 4. HP: 38/40 MP: 3/3
  1805 | D:3      | Found a stormy altar of Qazlal.
  1937 | D:3      | Noticed an ogre
  1943 | D:3      | Killed an ogre
  1943 | D:3      | Reached skill level 5 in Fighting
  1943 | D:3      | Reached skill level 5 in Axes
  1943 | D:3      | Reached XP level 5. HP: 23/48 MP: 4/4
  2366 | D:4      | Noticed a phantom
  2367 | D:4      | HP: 1/48 [killer bee (3)]
  2368 | D:4      | Slain by a killer bee

Vault maps used:
D:1:      minmay_arrival_hallway, interstate_on_off, minivault_24,
          nemelex_xobeh_ov_fountains_minmay
D:2:      lemuel_doored_altar, lemuel_round_altar, first_bread
D:3:      marbit_many_paths
D:4:      nicolae_overflow_hidden_temple, uniq_crazy_yiuf_cottage

Skill      XL: |  1  2  3  4 |
---------------+-------------+-----
Axes           | 4 5 |  5.3
Fighting       | 4 5 |  5.1
Armour         | 3 |  3.7
Dodging        | |  2.9

Action                   |  1- 3 |  4- 6 || total
-------------------------+-------+-------++-------
Melee: Hand axe          |    69 |    25 ||    94
       Headbutt          |    12 |     7 ||    19
Invok: Berserk           |       |     1 ||     1
       Trog's Hand       |       |     1 ||     1
 Stab: Sleeping          |     1 |       ||     1
  Eat: Chunk             |     2 |     2 ||     4
Armor: Animal skin       |    28 |     3 ||    31
Dodge: Dodged            |    46 |    29 ||    75
